 Dungeon Crawl Stone Soup version 0.19.5 (webtiles) character file.

16 straycat the Skirmisher (level 2, 0/23 HPs)
             Began as a Vampire Abyssal Knight on May 13, 2017.
             Was an Initiate of Lugonu.
             Succumbed to an adder's poison
             ... on level 1 of the Dungeon.
             The game lasted 00:07:04 (1106 turns).

straycat the Skirmisher (Vampire Abyssal Knight)    Turns: 1106, Time: 00:07:05

Health: 0/23       AC:  4    Str: 11    XL:     2   Next: 41%
Magic:  3/3        EV: 12    Int: 14    God:    Lugonu [......]
Gold:   27         SH:  0    Dex: 13    Spells: 0 memorised, 1 level left

rFire  . . .     SeeInvis +       - Unarmed
rCold  + . .     Gourm    .     a - +0 leather armour
rNeg   + + .     Faith    .     (no shield)
rPois  +         Spirit   .     q - +0 helmet
rElec  .         Reflect  .     (no cloak)
rCorr  .         Harm     .     (no gloves)
MR     .....                    (no boots)
Stlth  ++........               (no amulet)
                                (no ring)
                                (no ring)

@: lethally poisoned (0 -> -6), regenerating slowly
A: fangs 3, see invisible, unbreathing
a: Renounce Religion


You were on level 1 of the Dungeon.
You worshipped Lugonu.
Lugonu was noncommittal.
You were thirsty.

You visited 1 branch of the dungeon, and saw 2 of its levels.
You visited the Abyss 1 time.

You collected 27 gold pieces.

Inventory:

Missiles
 h - 16 stones (quivered)
 m - 18 arrows
Armour
 a - a +0 leather armour (worn)
 k - a +0 leather armour
 q - a +0 helmet (worn)
Jewellery
 c - a +3 ring of slaying {unknown}
Scrolls
 e - a scroll of identify
 f - 3 scrolls of remove curse
 g - 2 scrolls of teleportation {unknown}
 l - 2 scrolls of enchant weapon {unknown}
 p - a scroll of fog {unknown}
Potions
 b - 3 potions of blood
 i - 4 potions of degeneration
 j - 2 potions of curing {unknown}
 n - a potion of mutation {unknown}
 o - 2 potions of heal wounds {unknown}
 r - a potion of flight {unknown}
Comestibles
 d - 2 fruits


   Skills:
 * Level 2.9 Fighting
 + Level 1.0 Armour
 * Level 2.7 Dodging
 + Level 0.0 Stealth
 * Level 2.5 Unarmed Combat
 - Level 1.5 Invocations


You had one spell level left.
You didn't know any spells.

Dungeon Overview and Level Annotations

Branches:
Dungeon (2/15)

Altars:


Innate Abilities, Weirdness & Mutations

You heal slowly.
You have razor-sharp teeth.
You have supernaturally acute eyesight. (SInv)
You can survive without breathing.


Message History

The adder barely misses you. The leopard gecko barely misses you.
The goblin barely misses you.
You barely miss the adder.
The adder is heavily wounded.
You feel sick. The adder barely misses you.
The leopard gecko closely misses you. The adder bites you but does no damage.
The goblin hits you but does no damage.
You completely miss the leopard gecko. The leopard gecko closely misses you.
The adder closely misses you.
The leopard gecko bites you but does no damage.
The goblin closely misses you.
You barely miss the leopard gecko. The adder bites you but does no damage.
The leopard gecko bites you.
* * * LOW HITPOINT WARNING * * *
The goblin barely misses you.
You miss the leopard gecko. The adder misses you.
The leopard gecko closely misses you.
You hit the leopard gecko.
The leopard gecko is almost dead.
You die...

#.####...########.#
#...).........# #.#
######...####.# #.#
##.## #.###.# #.#
#.....# #.# #..####
#.# ###..# #.###.#..#
#...l@...#
##############.S.g..#
....................#
..........####.....##
.########.# ##...##
.# ### #.# ##.##
.###.####.######.#
.##..............#
.#........########


You could see an adder, a leopard gecko and a goblin.

Vanquished Creatures
  2 oozes (D:1)
  A leopard gecko (D:1)
  A giant cockroach (D:1)
  A goblin (D:1)
  A bat (D:1)
  2 rats (D:1)
8 creatures vanquished.

Notes
Turn   | Place    | Note
-------+----------+-------------------------------------------
     0 | Abyss:1  | straycat the Vampire Abyssal Knight began the quest for the Orb.
     0 | Abyss:1  | Reached XP level 1. HP: 17/17 MP: 2/2
    60 | Abyss:1  | Noticed a large abomination
    63 | D:1      | Escaped the Abyss
   543 | D:1      | Reached skill level 1 in Armour
   543 | D:1      | Reached XP level 2. HP: 12/23 MP: 3/3
  1104 | D:1      | HP: 1/23 [leopard gecko (2)]
  1106 | D:1      | Succumbed to an adder's poison

Skill      XL: |  1 |
---------------+----+-----
Armour         | 1 |  1.0
Fighting       | |  2.9
Dodging        | |  2.7
Unarmed Combat | |  2.5
Invocations    | |  1.5

Action                   || total
-------------------------++-------
Melee: Unarmed           ||    55
       Bite              ||     2
Throw: Stone             ||     1
Invok: Depart the Abyss  ||     1
  Use: Scroll            ||     2
Armor: Leather armour    ||    24
Dodge: Dodged            ||    49
